Map: Usina Ácida LE

Players

IagoAbreu - Winner!

  • Race: Zerg Zerg
  • League: Gold
  • Spawn Location: 11:00

xnv

  • Race: Terran Terran
  • Spawn Location: 5:00

VOD

Have the link to the VOD?

Description

Time

  • Played on: May 14, 2018, 1:31 p.m.
  • Length: 15:18
Show
View Real Time Build Order
Export as new Build Order

IagoAbreu Zerg - Winner!

Build Orders: Hatch First 

Get SALT Encoding   

  12  0:01  Drone  
  13  0:13  Overlord  
  13  0:17  Drone  
  14  0:22  Extractor  
  14  0:24  Drone  
  14  0:31  Drone  
  15  0:38  Drone  
  16  0:48  Drone  
  17  1:02  Drone  
  18  1:16  Hatchery  
  18  1:17  Drone  
  18  1:19  Drone  
  18  1:24  Spawning Pool  
  18  1:30  Drone  
  19  1:42  Drone  
  20  1:50  Drone  
  20  1:53  Evolution Chamber  
  20  2:02  Drone  
  20  2:06  Extractor  
  20  2:12  Drone  
  21  2:20  Queen  
  21  2:21  Roach Warren  
  21  2:22  Overlord  
  22  2:25  Zerg Missile Weapons Level 1  
  22  2:35  Drone  
  22  2:36  Drone  
  24  2:49  Drone  
  25  2:51  Drone  
  25  2:52  Drone  
  27  3:03  Roach  
  27  3:04  Roach  
  33  3:05  Roach  
  33  3:24  Roach  
  33  3:26  Overlord  
  35  3:29  Overlord x2  
  35  3:43  Drone  
  35  3:44  Queen  
  38  3:51  Roach x4  
  46  3:56  Lair  
  46  3:59  Drone  
  47  4:50  Roach x3  
  47  4:51  Roach x3  
  59  4:55  Overlord x3  
  59  5:00  Zerg Missile Weapons Level 2  
  59  5:13  Queen x2  
  63  5:15  Tunneling Claws  
  63  5:41  Drone x3  
  63  5:42  Drone x5  
  71  5:43  Drone x2  
  71  5:44  Drone x3  
  76  5:50  Overlord  
  76  6:06  Extractor  
  76  6:08  Drone, Extractor  
  76  6:09  Drone x3  
  78  6:12  Roach x2  
  78  6:13  Roach x2  
  86  6:49  Glial Reconstitution  
  86  6:57  Roach x3  
  86  6:58  Overlord x4  
  92  7:19  Zerg Ground Armor Level 1  
  92  7:26  Roach x4  
  92  7:27  Roach x7  
  114  8:02  Hatchery  
  114  8:03  Roach x5  
  123  8:13  Overlord  
  123  8:14  Overlord x5  
  123  8:25  Burrow  
  118  9:36  Queen  
  116  9:41  Roach x2  
  116  9:42  Roach x6  
  116  9:44  Queen  
  134  9:57  Queen  
  136  10:06  Roach x23  
  136  10:12  Queen  
  114  10:32  Roach x7  
  102  10:47  Queen  
  104  10:50  Roach  
  104  10:51  Roach x2  
  110  11:00  Roach  
  110  11:01  Roach x7  
  110  11:03  Roach x3  
  120  12:03  Roach x8  
  120  12:04  Roach x7  
  120  12:06  Zerg Ground Armor Level 2  
  124  12:57  Roach x9  
  124  12:58  Roach x11  
  154  12:59  Roach  
  158  13:11  Roach x13  
  158  13:38  Roach  
  158  14:35  Ravager x3  
  158  14:36  Ravager x2  
  158  14:42  Ravager x3  
  158  14:43  Ravager x6  
Show
View Real Time Build Order
Export as new Build Order

xnv Terran 

Build Orders: MMM Bio 

Get SALT Encoding   

  12  0:02  SCV  
  13  0:14  SCV  
  14  0:26  SCV  
  14  0:27  Supply Depot  
  15  0:49  Barracks  
  16  0:52  SCV  
  16  1:09  SCV  
  17  1:15  Supply Depot  
  17  1:27  SCV, Refinery  
  19  1:41  Orbital Command  
  18  1:55  Engineering Bay  
  18  2:02  Marine  
  19  2:08  SCV  
  20  2:24  Barracks  
  20  2:27  Missile Turret  
  20  2:30  Barracks Tech Lab  
  20  2:33  SCV  
  21  2:46  Sensor Tower  
  21  2:48  Missile Turret  
  21  2:50  SCV  
  21  2:51  Refinery  
  22  3:00  Marine  
  23  3:17  Stimpack  
  23  3:18  Marine  
  24  3:32  Barracks Reactor  
  24  3:40  Marine  
  25  3:48  SCV  
  26  4:00  SCV  
  27  4:03  Marine  
  27  4:09  Marine  
  29  4:10  Marine  
  29  4:12  Command Center  
  29  4:16  Terran Infantry Weapons Level 1  
  30  4:18  Factory  
  30  4:34  SCV  
  30  4:37  Supply Depot  
  31  4:59  SCV, Marauder  
  34  5:11  Marine  
  34  5:14  Factory Tech Lab  
  35  5:16  Factory Reactor  
  35  5:18  Combat Shields  
  35  5:21  Marauder  
  37  5:22  Starport  
  36  6:15  Orbital Command  
  36  6:23  Marine  
  36  6:24  Marine, Marauder  
  40  6:49  Barracks  
  40  6:56  SCV  
  42  7:08  SCV, Bunker  
  42  7:10  Medivac x2  
  42  7:13  Marine  
  42  7:14  Marine  
  42  7:15  Marauder  
  50  7:27  Terran Infantry Armor Level 1  
  50  7:29  Supply Depot  
  50  7:33  Liberator, Armory  
  50  7:39  Bunker  
  50  7:46  Medivac  
  55  7:52  Supply Depot  
  55  7:56  SCV  
  56  8:03  Missile Turret  
  56  8:08  SCV  
  56  8:11  Marine x2  
  59  8:13  Marauder  
  59  8:15  Barracks Tech Lab  
  59  8:16  Concussive Shells  
  59  8:17  Factory Tech Lab  
  61  8:24  Missile Turret  
  61  8:52  Marine x2  
  61  8:53  Marauder  
  65  9:00  Marauder  
  67  9:31  SCV  
  67  9:32  SCV  
  67  9:34  Marine  
  70  9:55  Supply Depot  
  70  9:57  Marine, SCV x2  
  70  9:58  Marauder x2  
  77  10:00  Medivac x2  
  81  10:10  SCV x2  
  83  10:19  Supply Depot  
  73  10:31  Marine x2  
  73  10:32  Marauder x2  
  62  10:42  Supply Depot  
  62  10:49  Marine  
  57  10:50  Marine  
  57  10:53  Marauder  
  57  10:54  Marauder  
  50  11:06  Supply Depot  
  50  11:09  Marine  
  48  11:15  Marauder x2  
  51  11:23  Marine  
  48  11:27  Marine  
  48  11:28  Supply Depot  
  46  11:36  Marauder x2  
  49  11:41  Marine  
  49  11:44  Marine  
  50  11:52  Supply Depot  
  48  11:56  SCV  
  48  11:58  Marauder x2  
  48  11:59  Marine  
  54  12:02  Marine  
  54  12:04  Siege Tank  
  54  12:08  SCV  
  59  12:16  Marine  
  59  12:17  Missile Turret  
  59  12:19  Marauder x2  
  59  12:20  Marine  
  62  12:36  Siege Tank  
  57  12:40  Marauder  
  57  12:41  Marauder  
  42  13:02  Marauder x2  
Tags
 
Composition
MMM Bio
League
Gold
Matchup
TvZ
Spawn Locations
Cross Positions
Add a new tag
Caveats
  • Supply blocks, unpowered buildings, or Contaminate may cause inaccurate times.
  • Supply counts are checked every 10 seconds.